 Dungeon Crawl Stone Soup version 0.30.1-11-g7821555f0a (webtiles) character file.

Game seed: 18157658159978685881

2292 orpdorp the Thaumaturge (level 9, -9/45 HPs)
             Began as a Deep Elf Earth Elementalist on Dec 29, 2023.
             Was an Initiate of Kikubaaqudgha.
             Mangled by a two-headed ogre
             ... wielding a +0 giant club
              (28 damage)
             ... on level 7 of the Dungeon.
             The game lasted 00:16:38 (7443 turns).

orpdorp the Thaumaturge (DEEE)                      Turns: 7443, Time: 00:16:39

Health: -9/45      AC:  8    Str:  5    XL:     9   Next: 17%
Magic:  28/34      EV: 12    Int: 25    God:    Kikubaaqudgha [......]
Gold:   996        SH:  0    Dex: 15    Spells: 16/29 levels left

rFire   . . .        e - staff of conjuration
rCold   . . .        (no shield)
rNeg    . . .        a - +0 robe
rPois   .            o - +2 helmet
rElec   .            D - +1 cloak
rCorr   .            (no gloves)
SInv    .            y - +0 pair of boots
Will    .....        (no amulet)
Stlth   ++           g - ring of wizardry
HPRegen 0.27/turn    c - ring of magical power
MPRegen 0.24/turn

%: wizardry (x1)
@: no status effects
A: no striking features
a: Renounce Religion


You were on level 7 of the Dungeon.
You worshipped Kikubaaqudgha.
Kikubaaqudgha was noncommittal.
You visited 2 branches of the dungeon, and saw 8 of its levels.
You also visited: Sewer and Ossuary.

You collected 1672 gold pieces.
You spent 676 gold pieces at shops.

Inventory:

Hand Weapons
 d - a +0 dagger
 h - a +1 short sword
Armour
 a - a +0 robe (worn)
 o - a +2 helmet (worn)
 r - a scarf of harm
 y - a +0 pair of boots (worn)
 D - a +1 cloak (worn)
Magical Staves
 e - a staff of conjuration (weapon)
Jewellery
 c - a ring of magical power (right hand)
 f - a ring of ice
 g - a ring of wizardry (left hand)
 n - a ring of flight
 p - a ring of protection from cold
 s - a ring of fire
Wands
 u - a wand of charming (4)
 B - a wand of iceblast (8)
Scrolls
 b - 6 scrolls of immolation
 j - 3 scrolls of fear
 m - a scroll of enchant weapon
 q - a scroll of torment
 w - 2 scrolls of blinking
 A - a scroll of silence
 F - a scroll of brand weapon {unknown}
Potions
 i - 2 potions of lignification
 k - 5 potions of attraction
 l - 2 potions of might
 t - 3 potions of invisibility
 v - a potion of flight
 x - a potion of brilliance
 z - 3 potions of heal wounds
 C - a potion of haste
 E - a potion of resistance


   Skills:
 + Level 0.1 Fighting
 + Level 1.1 Short Blades
 - Level 2.4 Dodging
 - Level 2.4 Stealth
 + Level 10.7 Spellcasting
 - Level 4.0 Conjurations
 * Level 3.7 Necromancy
 - Level 1.1 Transmutations
 - Level 9.0 Earth Magic


You had 16 spell levels left.
You knew the following spells:

 Your Spells              Type           Power      Damage    Failure   Level
a - Sandblast             Erth           100%       2d20      1%          1
b - Stone Arrow           Conj/Erth      100%       3d13      1%          3
c - Passwall              Tmut/Erth      31%        N/A       1%          2
d - Iskenderun's Mystic   Conj/Tloc      35%        2d8       9%          4
e - Swiftness             Air            13%        N/A       6%          3

Your spell library contained the following spells:

 Spells                   Type           Power      Damage    Failure   Level
 Shock                    Conj/Air       100%       1d9       1%          1
 Lesser Beckoning         Tloc           26%        N/A       2%          2
 Dazzling Flash           Conj/Hex       70%        N/A       2%          3
 Animate Armour           Summ/Erth      72%        N/A       2%          4
 Petrify                  Tmut/Erth      38%        N/A       2%          4
 Gell's Gravitas          Tloc           13%        N/A       6%          3
 Teleport Other           Tloc           13%        N/A       6%          3
 Volatile Blastmotes      Fire/Tloc      26%        2d12      6%          3
 Airstrike                Air            6%         2d(1-17)  17%         4
 Summon Lightning Spire   Summ/Air       13%        N/A       17%         4
 Starburst                Conj/Fire      17%        6d6       73%         6
 Storm Form               Tmut/Air       8%         N/A       100%        7
 Lehudib's Crystal Spear  Conj/Erth      31%        10d8      100%        8
 Maxwell's Capacitive Co  Air            6%         ∞         100%        8


Dungeon Overview and Level Annotations

Branches:
Dungeon (7/15)             Temple (1/1) D:4           Sewer (visited)
Ossuary (visited)

Altars:
Ashenzari
Cheibriados
Fedhas
Gozag
Hepliaklqana
Kikubaaqudgha
Makhleb
Nemelex Xobeh
Trog
Vehumet
Wu Jian
Xom
Yredelemnul
Zin
The Shining One

Shops:
D:1 =   D:5 :


Message History

Aim: a sky beast (almost dead, 69% to hit)
You feel a surge of power!
The stone arrow hits the sky beast!!
You kill the sky beast!
Kikubaaqudgha accepts your kill.
Magic restored.
You see here a +1 heavy falchion.
Found a stone staircase leading down.
An ice beast comes into view.
An ice beast is nearby!
A steam dragon, a two-headed ogre and a sky beast come into view.
Found a chain mail.
Found a stone staircase leading up.
The two-headed ogre shouts in stereo!
The steam dragon hisses angrily.
The sky beast flickers out of sight!
Deactivating autopickup; reactivate with Ctrl-A.
Found a blackened steel amulet.
The two-headed ogre barely misses you.
The two-headed ogre hits you with a +0 giant club!!
The steam dragon breathes steam at you. The ball of steam misses you.
Casting: Stone Arrow (safe; 1% risk of failure)
Confirm with . or Enter, or press ? or * to list all spells.
Aiming: Stone Arrow (safe; 1% risk of failure)
Press: ? - help, Shift-Dir - straight line, f - two-headed ogre
Aim: a two-headed ogre, wielding two +0 giant clubs (89% to hit)
You feel a surge of power!
The stone arrow hits the two-headed ogre!!
The two-headed ogre is moderately wounded.
You are engulfed in a cloud of scalding steam.
Casting: Stone Arrow (safe; 1% risk of failure)
Confirm with . or Enter, or press ? or * to list all spells.
Aiming: Stone Arrow (safe; 1% risk of failure)
Press: ? - help, Shift-Dir - straight line, f/p - two-headed ogre
Aim: a two-headed ogre, wielding two +0 giant clubs (moderately wounded, 89% to hit)
You feel a surge of power!
The stone arrow hits the two-headed ogre!!
The two-headed ogre is severely wounded.
You are engulfed in a cloud of scalding steam.
The two-headed ogre hits you with a +0 giant club!!
Ouch! That really hurt!
You die...
Kikubaaqudgha rasps: "You have failed me!
Welcome... death!"

# #.# ##.# #.#
#.# #.# #.#
#.# #.## #..#
##§#
###§########
#.§.@O.....#
#..........#
#.....§...[#
.....§.{.<..#
###$..YD§....#
#..........#
#..........#
#......."..#


You could see a two-headed ogre, a steam dragon and an ice beast.

Vanquished Creatures
  Sigmund (D:2)
  A steam dragon (D:6)
  A sky beast (D:7)
  An ice beast (D:6)
  A black bear (D:6)
  An ogre (D:4)
  2 phantoms
  A kobold brigand (D:4)
  2 bullfrogs (Sewer)
  3 scorpions
  5 water moccasin zombies (Ossuary)
  3 howler monkeys
  A jelly (D:5)
  2 hounds (D:5)
  An iguana (D:6)
  2 orc wizards (D:4)
  2 sleepcaps
  2 mummies (Ossuary)
  15 gnolls (D:4)
  15 adders
  2 white imps
  An adder zombie (Ossuary)
  A worm (D:2)
  2 dart slugs
  35 orcs
  12 endoplasms
  11 giant cockroaches
  3 gnoll zombies (Ossuary)
  6 goblins
  6 hobgoblins
  12 jackals (D:4)
  8 quokkas
  20 ball pythons
  3 bats
  7 frilled lizards
  6 hobgoblin zombies (Ossuary)
  7 kobolds
  5 kobold zombies (Ossuary)
  3 orc zombies (Ossuary)
  2 rats (D:3)
  A spectral goblin (D:1)
215 creatures vanquished.

Notes
Turn   | Place    | Note
-------+----------+-------------------------------------------
     0 | D:1      | orpdorp the Deep Elf Earth Elementalist began the quest for
                  | the Orb.
     0 | D:1      | Reached XP level 1. HP: 10/10 MP: 6/6
   250 | D:1      | Reached XP level 2. HP: 15/15 MP: 6/8
   293 | D:1      | Found a faded altar of an unknown god.
   550 | D:1      | Found Akhibb's Jewellery Shop.
   849 | D:2      | Reached XP level 3. HP: 19/19 MP: 6/9
   903 | D:2      | Learned a level 3 spell: Stone Arrow
  1326 | D:2      | Noticed Sigmund
  1711 | D:3      | Identified the +3 scale mail of the Thunderstorm {SInv}
  1737 | D:3      | Reached skill level 1 in Conjurations
  1744 | D:3      | Reached skill level 1 in Short Blades
  1744 | D:3      | Reached XP level 4. HP: 24/24 MP: 6/11
  1868 | D:3      | Found a snail-covered altar of Cheibriados.
  2053 | D:3      | Found a glowing drain.
  2057 | Sewer    | Entered a sewer
  2164 | Sewer    | Reached skill level 5 in Earth Magic
  2340 | Sewer    | Reached skill level 4 in Spellcasting
  2462 | Sewer    | Reached XP level 5. HP: 24/28 MP: 8/13
  2555 | Sewer    | Learned a level 2 spell: Passwall
  2586 | Sewer    | Reached XP level 6. HP: 24/32 MP: 7/15
  2670 | Sewer    | Identified a scroll of acquirement
  2672 | Sewer    | Acquired 1366 gold pieces
  2784 | D:1      | Bought a ring of wizardry for 390 gold pieces
  2845 | D:2      | Killed Sigmund
  2846 | D:2      | Reached skill level 5 in Spellcasting
  3245 | D:4      | Reached XP level 7. HP: 36/36 MP: 13/17
  3419 | D:4      | Found a staircase to the Ecumenical Temple.
  3437 | Temple   | Entered the Ecumenical Temple
  3538 | D:4      | Found a blossoming altar of Fedhas.
  3574 | D:4      | Found a sand-covered staircase.
  3582 | Ossuary  | Entered an ossuary
  3694 | Ossuary  | Reached skill level 6 in Spellcasting
  4271 | D:4      | Reached XP level 8. HP: 41/41 MP: 20/20
  4282 | D:4      | Reached skill level 7 in Spellcasting
  4977 | D:5      | Entered Level 5 of the Dungeon
  5064 | D:5      | Learned a level 4 spell: Iskenderun's Mystic Blast
  5154 | D:5      | Found a glowing golden altar of the Shining One.
  5197 | D:5      | Found Wuoten's Book Emporium.
  5197 | D:5      | Noticed a walking divine tome
  5202 | D:5      | Noticed a walking crystal tome
  5209 | D:5      | Bought a book of Air for 286 gold pieces
  5213 | D:5      | Learned a level 3 spell: Swiftness
  5433 | D:5      | Found an ancient bone altar of Kikubaaqudgha.
  5437 | D:5      | Became a worshipper of Kikubaaqudgha
  5570 | D:5      | Identified the +7 long sword of the Thing {protect, Str+3}
  5582 | D:5      | Reached skill level 8 in Spellcasting
  5582 | D:5      | Reached skill level 1 in Necromancy
  5926 | D:5      | Found an ornate altar of the Wu Jian Council.
  6276 | D:6      | Reached skill level 9 in Spellcasting
  6461 | D:6      | Found an opulent altar of Gozag.
  6719 | D:6      | Reached skill level 10 in Spellcasting
  6719 | D:6      | Reached XP level 9. HP: 45/45 MP: 23/25
  7440 | D:7      | Noticed a two-headed ogre
  7443 | D:7      | Mangled by a two-headed ogre

Illustrated notes

Levels and vault maps discovered:
D:1:      minmay_arrival_jagged, layout_basic, serial_shops,
          nicolae_shop_tiny_glass, dreamdust_ecumenical_altar_drowned_temple
D:2:      layout_loops_ring, uniq_sigmund
D:3:      layout_rooms, cheibriados_altar_1, gup_sewer_entry_bowl
D:4:      lemuel_castle_with_subvaults [lemuel_castle_interior_carwin_1],
          layout_rooms, mainiacjoe_overflow_alcove_2,
          minmay_temple_entry_stoned_glass, enter_ossuary_1
D:5:      layout_basic, nzn_wu_jian_contemplation, minitemple, serial_shops,
          nicolae_shop_mannequins, hangedman_decor_clover_reticule
D:6:      layout_basic, grunt_gozag_breadcrumbs, minmay_misc_feat_roman
D:7:      layout_rooms
Temple:   jpeg_temple_island

Skill      XL: |  1  2  3  4  5  6  7  8 |
---------------+-------------------------+-----
Earth Magic    | 4 5 6 7 8 9 |  9.0
Conjurations   | 1 2 3 4 |  4.0
Short Blades   | 1 |  1.1
Spellcasting   | 4 5 6 10 | 10.7
Necromancy     | 3 |  3.7
Fighting       | |  0.1
Dodging        | |  2.4
Stealth        | |  2.4
Transmutations | |  1.1

Action                     |  1- 3 |  4- 6 |  7- 9 || total
---------------------------+-------+-------+-------++-------
  Melee: Dagger            |     1 |       |       ||     1
         Short sword       |     9 |     8 |       ||    17
   Cast: Sandblast         |    42 |    64 |   126 ||   232
         Stone Arrow       |     6 |    13 |    64 ||    83
    Use: Scroll            |     6 |     5 |    12 ||    23
         Potion            |     4 |     1 |     5 ||    10
   Stab: Sleeping          |       |     1 |       ||     1
 Armour: Robe              |     1 |     4 |    12 ||    17
  Dodge: Dodged            |    16 |    23 |    29 ||    68
